 Dungeon Crawl Stone Soup version 0.31-a0-233-g139696dc86 (webtiles) character file.

Game seed: 5128158930971665203

316 qw the Shooter (level 6, -2/37 HPs)
             Began as a Gargoyle Hexslinger on July 7, 2023.
             Slain by a quokka (4 damage)
             ... on level 4 of the Dungeon.
             The game lasted 00:01:07 (2369 turns).

qw the Shooter (Gargoyle Hexslinger)                Turns: 2369, Time: 00:01:07

Health: -2/37      AC: 10    Str: 18    XL:     6   Next: 44%
Magic:  7/7        EV: 11    Int: 13    God:
Gold:   151        SH:  0    Dex: 14    Spells: 6/7 levels left

rFire   . . .        Y - +1 sling
rCold   . . .        (no shield)
rNeg    + . .        f - +0 ring mail
rPois   inf          (no helmet)
rElec   +            i - +0 cloak {rCorr}
rCorr   +            (no gloves)
SInv    +            (no boots)
Will    .....        (no amulet)
Stlth   +            d - +6 ring of strength
HPRegen 0.26/turn    h - ring of see invisible
MPRegen 0.10/turn

%: no passive effects
@: no status effects
A: sickness immunity, AC +4, negative energy resistance 1, electricity
resistance, torment resistance 1, petrification resistance
a: no special abilities


You were on level 4 of the Dungeon.
You visited 1 branch of the dungeon, and saw 4 of its levels.

You collected 151 gold pieces.


Innate Abilities, Weirdness & Mutations

You are immune to sickness and miasma.
Your stone body is resilient. (AC +4)
You are immune to poison.
You resist negative energy. (rN+)
You are resistant to electric shocks. (rElec)
You are resistant to unholy torment.
You are immune to petrification.


   Skills:
 - Level 3.5 Fighting
 + Level 5.6 Ranged Weapons
 - Level 1.0 Armour
 - Level 1.5 Dodging
 - Level 1.0 Spellcasting
 - Level 2.6 Hexes


You had 6 spell levels left.
You knew the following spells:

 Your Spells              Type           Power      Damage    Failure   Level
a - Slow                  Hex            28%        N/A       17%         1

Your spell library contained the following spells:

 Spells                   Type           Power      Damage    Failure   Level
 Inner Flame              Hex/Fire       4%         N/A       65%         3
 Portal Projectile        Hex/Tloc       8%         N/A       65%         3
 Cause Fear               Hex            3%         N/A       86%         4

Inventory:

Hand Weapons
 Y - a +1 sling (weapon)
Armour
 f - a +0 ring mail (worn)
 i - a +0 cloak of preservation (worn)
Jewellery
 d - a +6 ring of strength (left hand)
 h - a ring of see invisible (right hand)
 m - an amulet of regeneration
Scrolls
 a - a scroll of identify
 k - a scroll of butterflies {unknown}
 l - a scroll of silence {unknown}
Potions
 b - a potion of mutation {unknown}
 c - a potion of might
 e - a potion of magic {unknown}
 j - a potion of curing {unknown}

Dungeon Overview and Level Annotations

Branches:
Dungeon (4/15)
 Temple: D:4-7

Altars:


Message History

The kobold hits you but does no damage. The adder bites you but does no damage.
The quokka bites you but does no damage.
The giant cockroach bites you but does no damage.
The kobold barely misses you. The adder bites you but does no damage.
You shoot a sling bullet. The sling bullet hits the adder.
The adder is moderately wounded.
The giant cockroach barely misses you.
The quokka bites you but does no damage.
The adder bites you. The kobold hits you with a +0 dagger.
2364 ||| READING scroll of teleportation.
As you read the scroll of teleportation, it crumbles to dust.
You feel strangely unstable. The giant cockroach misses you.
The quokka misses you. The adder bites you but does no damage.
The kobold barely misses you.
The giant cockroach bites you but does no damage.
The quokka bites you.
You shoot a sling bullet.
The sling bullet barely misses the adder.
The adder bites you but does no damage. The kobold hits you but does no damage.
The giant cockroach closely misses you. The quokka closely misses you.
The adder misses you.
You shoot a sling bullet. The sling bullet hits the adder!
You kill the adder!
The giant cockroach barely misses you. The quokka closely misses you.
The kobold misses you.
You shoot a sling bullet.
The sling bullet barely misses the giant cockroach.
The giant cockroach closely misses you. The quokka barely misses you.
The kobold barely misses you.
The giant cockroach bites you but does no damage.
The quokka bites you. The kobold closely misses you.
You shoot a sling bullet.
The sling bullet hits the giant cockroach but does no damage.
Your surroundings seem slightly different.
Enter note: You shoot a sling bullet.
The sling bullet barely misses the quokka.
The sling bullet closely misses the giant cockroach.
The quokka closely misses you. The quokka bites you.
You die...

#.# #.# # #.# #.# #.
#.#######.#
#.####.........#
#$.......#######
###.......# #..>....#
######.......####
#......@K........
..####..r.....#####.#
#..B..)........#
#....ยค)..####..#
............#
g..#.##.##### #..#.
#.# #. #. ... ...#


You could see a quokka, a giant cockroach and a kobold.

Vanquished Creatures
  2 phantoms (D:4)
  Jessica (D:2)
  6 adders
  2 dart slugs
  2 orcs
  8 ball pythons
  5 endoplasms
  2 giant cockroaches
  12 goblins
  7 hobgoblins
  6 jackals
  4 quokkas
  6 bats
  2 frilled lizards
  9 kobolds
  8 rats
82 creatures vanquished.

Notes
Turn   | Place    | Note
-------+----------+-------------------------------------------
     0 | D:1      | qw the Gargoyle Hexslinger began the quest for the Orb.
     0 | D:1      | Reached XP level 1. HP: 12/12 MP: 2/2
     0 | D:1      | 0 ||| qw: Version: 0.3-a-46-gb1f654a
     0 | D:1      | 0 ||| qw: Game counter: 3144
     0 | D:1      | 0 ||| qw: Melee chars always use a shield: true
     0 | D:1      | 0 ||| qw: God list: Okawaru
     0 | D:1      | 0 ||| qw: Allow faded altars: false
     0 | D:1      | 0 ||| qw: Do Orc after clearing Dungeon:15 true
     0 | D:1      | 0 ||| qw: Do second Lair branch before Depths: true
     0 | D:1      | 0 ||| qw: Lair rune preference: random
     0 | D:1      | 0 ||| qw: Goals: Normal
     0 | D:1      | 0 ||| PLANNING D:1-11
    86 | D:1      | Reached XP level 2. HP: 12/16 MP: 3/3
   278 | D:1      | Reached skill level 3 in Ranged Weapons
   413 | D:1      | Reached XP level 3. HP: 21/21 MP: 4/4
   704 | D:1      | 704 ||| UPGRADING to +0 ring mail.
   714 | D:1      | 714 ||| DROPPING +0 robe.
   715 | D:1      | 715 ||| UPGRADING to +6 ring of strength.
   716 | D:1      | 716 ||| DROPPING scroll of poison.
   864 | D:2      | Noticed Jessica
   868 | D:2      | Killed Jessica
   869 | D:2      | Reached skill level 4 in Ranged Weapons
   869 | D:2      | Reached XP level 4. HP: 26/26 MP: 5/5
  1092 | D:2      | Reached skill level 1 in Armour
  1412 | D:2      | 1412 ||| UPGRADING to ring of see invisible.
  1413 | D:2      | 1413 ||| READING 3 scrolls labelled CAANOY ZEPNOQI.
  1414 | D:2      | 1414 ||| READING 2 scrolls labelled ENENGO VEKOEXI.
  1418 | D:2      | 1418 ||| READING 2 scrolls of identify.
  1418 | D:2      | 1418 ||| IDENTIFYING sedimented emerald potion
  1589 | D:3      | Reached XP level 5. HP: 30/30 MP: 6/6
  2138 | D:3      | 2138 ||| READING scroll labelled QIAGEH OMUTI.
  2138 | D:3      | Identified a scroll of acquirement
  2138 | D:3      | 2138 ||| ACQUIRING +0 cloak of preservation
  2138 | D:3      | Acquired a +0 cloak of preservation
  2140 | D:3      | 2140 ||| UPGRADING to +0 cloak of preservation.
  2145 | D:3      | 2145 ||| READING 2 scrolls of identify.
  2145 | D:3      | 2145 ||| IDENTIFYING grey potion
  2146 | D:3      | 2146 ||| DROPPING potion of ambrosia.
  2245 | D:4      | Noticed a phantom
  2253 | D:4      | Reached skill level 5 in Ranged Weapons
  2264 | D:4      | Killed a phantom
  2265 | D:4      | Reached skill level 3 in Fighting
  2265 | D:4      | Reached XP level 6. HP: 29/37 MP: 7/7
  2363 | D:4      | HP: 8/37 [adder (3)]
  2364 | D:4      | 2364 ||| READING scroll of teleportation.
  2367 | D:4      | HP: 1/37 [quokka (4)]
  2369 | D:4      | Slain by a quokka

Levels and vault maps discovered:
D:1:      sevenhm_arrival_forest_fort_large_2, layout_loops_ring, minivault_14,
          minmay_tetromino_i4
D:2:      layout_loops_cross, uniq_jessica
D:3:      layout_loops_ring, eino_curves_02, nrook_mini_vaults,
          small_statue_intersection
D:4:      layout_loops_ring

Skill      XL: |  1  2  3  4  5 |
---------------+----------------+-----
Ranged Weapons | 3 4 5 |  5.6
Fighting       | 2 3 |  3.5
Armour         | 1 |  1.0
Dodging        | |  1.5
Spellcasting   | |  1.0
Hexes          | |  2.6

Action                     |  1- 3 |  4- 6 || total
---------------------------+-------+-------++-------
   Fire: Sling             |   104 |   210 ||   314
    Use: Scroll            |       |     6 ||     6
 Armour: Robe              |    11 |       ||    11
         Ring mail         |    15 |   131 ||   146
  Dodge: Dodged            |    31 |   143 ||   174

Table legend:
 A = Non-vault XP
 B = Vault XP
 C = Vault XP percentage of total XP
 D = Non-vault monster count
 E = Vault monster count
 F = Vault count percentage of total count
                 A         B        C        D         E       F
            +---------+---------+-------+---------+---------+-------
      Total |     411 |      41 |   9.1 |      78 |       4 |   4.9
            +---------+---------+-------+---------+---------+-------
        D:1 |      51 |       4 |   7.3 |      28 |       3 |   9.7
        D:2 |      47 |      37 |  44.0 |      22 |       1 |   4.3
        D:3 |      62 |       0 |   0.0 |      17 |       0 |   0.0
        D:4 |     251 |       0 |   0.0 |      11 |       0 |   0.0
            +---------+---------+-------+---------+---------+-------
